 Dungeon Crawl Stone Soup version 0.29-a0-753-gb7bb9d756e (webtiles) character file.

Game seed: 6112969287592493464

216 Nattfarinn the Ducker (level 5, -4/24 HPs)
             Began as a Spriggan Venom Mage on June 30, 2022.
             Frozen to death by an endoplasm (5 damage)
             ... on level 3 of the Dungeon.
             The game lasted 00:07:01 (3946 turns).

Nattfarinn the Ducker (Spriggan Venom Mage)         Turns: 3946, Time: 00:07:01

Health: -4/24      AC:  3    Str:  4    XL:     5   Next: 61%
Magic:  5/13       EV: 19    Int: 19    God:
Gold:   132        SH:  0    Dex: 15    Spells: 4/14 levels left

rFire   . . .      SeeInvis +   (weapon restricted)
rCold   . . .      Faith    .   (no shield)
rNeg    . . .      Spirit   .   a - +0 robe
rPois   .          Reflect  .   (helmet restricted)
rElec   .          Harm     .   j - +0 cloak
rCorr   .          Rampage  .   (gloves unavailable)
Will    .....                   (boots unavailable)
Stlth   ++........              (no amulet)
HPRegen 0.08/turn               (no ring)
MPRegen 0.13/turn               (no ring)

@: lethally poisoned (-4 -> -8), very slightly contaminated, very quick
A: very small, no large weapons, unfitting armour, see invisible, speed 3
a: no special abilities


You were on level 3 of the Dungeon.
You visited 1 branch of the dungeon, and saw 3 of its levels.

You collected 132 gold pieces.

Inventory:

Armour
 a - a +0 robe (worn)
 j - a +0 cloak (worn)
Jewellery
 i - an amulet of guardian spirit
Wands
 h - a wand of light (10)
Scrolls
 c - a scroll of brand weapon {unknown}
 e - 4 scrolls of identify {unknown}
 f - a scroll of fear {unknown}
 g - a scroll of vulnerability {unknown}
 k - a scroll of enchant armour {unknown}
 l - a scroll of enchant weapon {unknown}
 m - a scroll of fog {unknown}
Potions
 b - a potion of magic
 d - a potion of degeneration {unknown}


   Skills:
 * Level 5.3 Dodging
 - Level 3.0 Stealth
 * Level 5.0 Spellcasting
 - Level 1.3 Transmutations
 + Level 3.9 Poison Magic


You had 4 spell levels left.
You knew the following spells:

 Your Spells              Type           Power      Damage    Failure   Level
a - Sting                 Tmut/Pois      56%        1d5       4%          1
b - Poisonous Vapours     Pois/Air       24%        N/A       9%          2
c - Olgreb's Toxic Radia  Pois           19%        N/A       24%         4
d - Mephitic Cloud        Conj/Pois/Air  9%         N/A       22%         3

Your spell library contained the following spells:

 Spells                   Type           Power      Damage    Failure   Level


Dungeon Overview and Level Annotations

Branches:
Dungeon (3/15)

Altars:
Gozag
Kikubaaqudgha

Shops:
D:2 [

Annotations:
D:3 2 transporters, Sigmund; Zero's ghost, amateur GrBe


Innate Abilities, Weirdness & Mutations

You are very small and have problems with some larger weapons.
You are too small for most types of armour.
You have supernaturally acute eyesight. (SInv)
You cover ground extremely quickly. (Speed+++)


Message History

You now have 132 gold pieces (gained 12).
m - a scroll labelled GATEHELECW
Found a stone staircase leading up.
Found a flail.
Found a mace.
A kobold comes into view.
It is wielding a +0 short sword and quivering poisoned darts.
Unknown command.
Poisonous vapours surround the kobold!
The kobold is poisoned.
Poisonous vapours surround the kobold!
The kobold looks even sicker.
You kill the kobold!
Things that are here:
a +0 short sword; 4 poisoned darts An endoplasm comes into view.
An endoplasm is nearby!
Found a club.
You can't see any susceptible monsters within range! (Use Z to cast anyway.) Sigmund, a ball python and a hobgoblin come into view.
Found a scroll labelled ZARIUT RAGA.
Sigmund shouts!
The ball python hisses angrily.
The hobgoblin shouts!
Sigmund gestures at you while chanting. The magic dart hits you.
Unknown command.
Casting: Poisonous Vapours (safe; 9% risk of failure)
Confirm with . or Enter, or press ? or * to list all spells.
The spell is potentially lethal to miscast (24% risk of failure)!
Continue anyway?
You miscast Olgreb's Toxic Radiance.
You are very lightly contaminated with residual magic.
Nothing appears to happen.
Casting: Olgreb's Toxic Radiance (potentially lethal; 24% risk of failure)
Confirm with . or Enter, or press ? or * to list all spells.
The spell is potentially lethal to miscast (24% risk of failure)!
Continue anyway?
You miscast Olgreb's Toxic Radiance.
You feel incredibly sick!
You are poisoned.
You feel sick.
Sigmund points at you and mumbles some strange words.
The puff of flame hits you!
* * * LOW HITPOINT WARNING * * *
The endoplasm freezes you.
You are frozen.
You die...

#......................
.............[.........
..................... .
#....................
#.##.##.................
........................
......#..)......#..#.รท..
......J.................
.......@........###.....
..........#..#### #.....
?......##....## ##.##.
....S.. #.....#### #.###
.....g@ ##...)...###.###
.)..... #.....#......)#
....... #.#.#.######..#
....... #...#.# #...
##..#.# #.##


You could see Sigmund, an endoplasm, a hobgoblin and a ball python.

Vanquished Creatures
  An ogre (D:2)
  Jessica (D:2)
  Robin (D:2)
  3 adders (D:2)
  A worm (D:3)
  A dart slug (D:1)
  7 ball pythons
  2 endoplasms (D:2)
  3 giant cockroaches
  10 goblins
  9 hobgoblins
  2 jackals (D:3)
  6 kobolds
  2 quokkas
  3 bats (D:1)
  9 frilled lizards
  6 rats
67 creatures vanquished.

Notes
Turn   | Place    | Note
-------+----------+-------------------------------------------
     0 | D:1      | Nattfarinn the Spriggan Venom Mage began the quest for the
                  | Orb.
     0 | D:1      | Reached XP level 1. HP: 9/9 MP: 5/5
   305 | D:1      | Reached XP level 2. HP: 13/13 MP: 2/7
   708 | D:1      | Found a faded altar of an unknown god.
  1214 | D:2      | Noticed an ogre
  1228 | D:1      | Learned a level 2 spell: Poisonous Vapours
  1384 | D:2      | Killed an ogre
  1385 | D:2      | Reached XP level 3. HP: 16/16 MP: 1/9
  1385 | D:2      | Reached XP level 4. HP: 21/21 MP: 1/11
  1514 | D:2      | Noticed Jessica
  1619 | D:2      | Killed Jessica
  1620 | D:2      | Reached XP level 5. HP: 19/24 MP: 0/12
  1918 | D:2      | Learned a level 4 spell: Olgreb's Toxic Radiance
  1922 | D:2      | Learned a level 3 spell: Mephitic Cloud
  2033 | D:2      | Reached skill level 5 in Dodging
  2104 | D:2      | Noticed Robin
  2119 | D:2      | Killed Robin
  2862 | D:2      | Reached skill level 5 in Spellcasting
  2918 | D:2      | Found Buhel's Antique Armour Boutique.
  3412 | D:3      | Noticed Zero's ghost (amateur GrBe)
  3413 | D:3      | Found a transporter.
  3518 | D:3      | Noticed an ogre
  3523 | D:3      | Found a transporter.
  3629 | D:3      | Found an opulent altar of Gozag.
  3629 | D:3      | Found an ancient bone altar of Kikubaaqudgha.
  3944 | D:3      | Noticed Sigmund
  3946 | D:3      | HP: 1/24 [Sigmund/puff of flame (7)]
  3946 | D:3      | Frozen to death by an endoplasm

Illustrated notes

Levels and vault maps discovered:
D:1:      tarquinn_simple_flora_water_a, layout_loops_corners,
          shapermc_ecumenical_altar_acropolis, hex_medium
D:2:      layout_loops_cross, serial_shops, shop, uniq_jessica,
          uniq_crazy_yiuf_cottage, uniq_robin
D:3:      layout_rooms, chequers_temple_overflow_statue_of_worship,
          gammafunk_ghost_smash, uniq_sigmund

Skill      XL: |  1  2  3  4  5 |
---------------+----------------+-----
Dodging        | 3 4 5 |  5.3
Spellcasting   | 3 4 5 |  5.0
Stealth        | |  3.0
Transmutations | |  1.3
Poison Magic   | |  3.9

Action                   |  1- 3 |  4- 6 || total
-------------------------+-------+-------++-------
Melee: Unarmed           |       |    25 ||    25
 Cast: Sting             |    41 |    17 ||    58
       Poisonous Vapours |     3 |    61 ||    64
       Olgreb's Toxic Ra |       |     5 ||     5
Armor: Robe              |       |     1 ||     1
Dodge: Dodged            |     5 |    43 ||    48

Table legend: (Time is in decaauts)
 A = Elapsed time spent in this place.
 B = Non-inter-level travel time spent in this place.
 C = Inter-level travel time spent in this place.
 D = Time resting spent in this place.
 E = Time spent auto-exploring this place.
 F = Levels seen in this place.
 G = Mean time per level.
                   A        B        C        D        E       F      G
               +--------+--------+--------+--------+--------+-----+--------+
         Total |   3224 |   3125 |     99 |    524 |   2185 |   3 | 1074.7 |
       Dungeon |   3224 |   3125 |     99 |    524 |   2185 |   3 | 1074.7 |
               +--------+--------+--------+--------+--------+-----+--------+

Top non-repeatable levels by time:
     D:2: 1557 daAuts
     D:1: 1194 daAuts
     D:3: 472 daAuts
